 Dungeon Crawl Stone Soup version 0.19.0-24-gb05acd6 (console) character file.

252896 Kloppie the Bludgeoner (level 19, -27/128 HPs)
             Began as a Gargoyle Berserker on Nov 23, 2016.
             Was the Champion of Trog.
             Annihilated by a yaktaur captain (31 damage)
             ... on level 1 of the Vaults.
             The game lasted 01:14:54 (35838 turns).

Kloppie the Bludgeoner (Gargoyle Berserker)        Turns: 35838, Time: 01:14:55

Health: -27/128    AC: 44    Str: 22    XL:     19   Next: 70%
Magic:  0/25       EV: 20    Int:  9    God:    Trog [******]
Gold:   746        SH:  0    Dex: 15    Spells: 0 memorised, 18 levels left

rFire  + + .     SeeInvis +     a - +1 great mace (freeze)
rCold  . . .     Gourm    .     U - +2 scale mail {rF+}
rNeg   + . .     Faith    .     (shield currently unavailable)
rPois  ∞         Spirit   +     V - +2 helmet {SInv}
rElec  +         Reflect  .     v - +2 cloak {rF+}
rCorr  .         Harm     .     r - +1 pair of gloves
MR     +....                    (no boots)
Stlth  ..........               D - amulet of guardian spirit
                                h - +3 ring of slaying
                                z - ring of Robustness {AC+8}

@: flying
A: big wings, negative energy resistance 1, electricity resistance, unbreathing,
petrification resistance, rot immunity, AC +13
a: Stop Flying, Berserk, Trog's Hand, Brothers in Arms, Burn Spellbooks,
Renounce Religion
}: 2/15 runes: decaying, serpentine


You were on level 1 of the Vaults.
You worshipped Trog.
Trog was exalted by your worship.
You were not hungry.

You visited 6 branches of the dungeon, and saw 32 of its levels.
You also visited: Labyrinth, Sewer and Volcano.

You collected 3351 gold pieces.
You spent 2605 gold pieces at shops.

Inventory:

Hand Weapons
 a - a +1 great mace of freezing (weapon)
 e - a +3 great mace
 o - a +0 great mace of flaming
 F - a +6 antimagic dire flail
Armour
 r - a +1 pair of gloves (worn)
 v - a +2 cloak of fire resistance (worn)
 U - a +2 scale mail of fire resistance (worn)
 V - a +2 helmet of see invisible (worn)
Jewellery
 h - a +3 ring of slaying (right hand)
 w - an uncursed ring of protection from magic
 z - the ring of Robustness (left hand) {AC+8}
   (You took it off a minotaur in a labyrinth)

   [ring of protection]

   It affects your AC (+8).
 D - an amulet of guardian spirit (around neck)
 Q - the amulet of the Four Winds {rN+ MR+++ Clar}
   (You found it on level 5 of the Lair of Beasts)

   [amulet of nothing]

   It protects you from negative energy.
   It affects your resistance to hostile enchantments.
   It protects you against confusion.
Wands
 f - a wand of confusion (36/48)
 n - a wand of heal wounds (0/9)
 p - a wand of digging (4/24)
 s - a wand of disintegration (8/24)
 C - a wand of digging (10/24)
 I - a wand of teleportation (4/9)
 X - a wand of iceblast (2/15)
Scrolls
 g - 9 scrolls of remove curse
 k - 3 scrolls of enchant weapon
 m - 2 scrolls of brand weapon
 u - 5 scrolls of identify
 y - 3 scrolls of magic mapping
 A - 2 scrolls of blinking
 E - a scroll of torment {unknown}
 M - a scroll of recharging
 R - 8 scrolls of enchant armour
 S - 2 scrolls of fog
 W - a scroll of fear
 Y - 3 scrolls of teleportation
 Z - a scroll of holy word
Potions
 b - 19 potions of curing
 i - 2 potions of cure mutation
 l - 9 potions of heal wounds
 t - 3 potions of might
 x - 8 potions of invisibility
 B - 2 potions of cancellation
 L - a potion of resistance
 N - 6 potions of haste
 O - a potion of agility
Books
 q - a book of Necromancy

   Spells                             Type                      Level
   a - Pain                           Necromancy                   1
   b - Animate Skeleton               Necromancy                   1
   c - Vampiric Draining              Necromancy                   3
   d - Regeneration                   Charms/Necromancy            3
   e - Animate Dead                   Necromancy                   4
   f - Control Undead                 Necromancy                   4
   Trog disapproves of the use of such an item.
Comestibles
 c - 20 bread rations
 d - 6 chunks of flesh
 j - 9 meat rations
 G - 7 slices of pizza
 H - 3 fruits
 K - 8 royal jellies
 P - 5 beef jerkies


   Skills:
 - Level 17.5 Fighting
 - Level 20.1 Maces & Flails
 - Level 17.8 Armour
 + Level 14.4 Dodging
   Level 5.0 Shields
 - Level 8.0 Evocations


You had 18 spell levels left.
You didn't know any spells.

Dungeon Overview and Level Annotations

Branches:
Dungeon (15/15)            Temple (0/1) D:5            Lair (6/6) D:8
  Swamp (4/4) Lair:4        Snake (4/4) Lair:2        Slime (0/5) Lair:6
    Orc (2/2) D:9             Elf (0/3) Orc:2        Vaults (1/5) D:14
 Depths (0/5) D:15

Altars:
Ashenzari
Cheibriados
Dithmenos
Elyvilon
Gozag
Kikubaaqudgha
Makhleb
Nemelex Xobeh
Qazlal
Trog
Uskayaw
Yredelemnul
Beogh
Jiyva

Shops:
D:9 =*   D:11 [   Orc:1 ?([   Orc:2 }(=}?:   Snake:4 =

Annotations:
D:4 1 runed door


Innate Abilities, Weirdness & Mutations

You are resistant to torment.
Your stone body is resilient. (AC +13)
You are immune to poison.
Your large and strong wings let you fly indefinitely.
You resist negative energy. (rN+)
You are resistant to electric shocks. (rElec)
You can survive without breathing.
You are immune to petrification.
You are immune to rotting.


Message History

The yaktaur hits you but does no damage.
The ironbrand convoker misses you.
You sock the vault warden! You freeze the vault warden.
The vault warden is almost dead.
The vault warden activates a sealing rune.
The vault sentinel unwields an uncursed war axe.
The vault sentinel wields a runed arbalest.
It bursts into flame!
The vault sentinel shoots a bolt.
The bolt hits you.
* * * LOW HITPOINT WARNING * * *
The yaktaur captain hits you!!
* * * LOW HITPOINT WARNING * * *
The yaktaur captain hits you but does no damage.
The yaktaur hits you!
* * * LOW HITPOINT WARNING * * *
The vault warden blocks your attack.
The vault warden is almost dead.
The vault warden hits you but does no damage.
The ironbrand convoker hits you but does no damage.
The yaktaur captain hits you!!
You die...

........#....#
#....##########....#
#....# .......#....#
#....# .......#....#
#..?.+ .......'....#
#....+ .......'....#
#...p# .......#....#
#(.c)# .......#....#
#..p@##########....#
#..ccpc.......#....#
#....#........'....#
####################


You could see a vault warden, 2 yaktaur captains, a vault sentinel, an ironbrand
convoker and 2 yaktaurs.

Vanquished Creatures
  Gastronok (Lair:1)
  4 thorn hunters
  Kirke (Swamp:4)
  8 nagarajas
  A fire giant (Orc:1)
  3 vault wardens (Vaults:1)
  An ironheart preserver (Vaults:1)
  An ettin (Orc:1)
  Josephine (Orc:1)
  2 yaktaur captains (Vaults:1)
  A minotaur (Lab)
  Harold (Orc:1)
  Fannar (Lair:1)
  5 vault guards (D:14)
  22 hydras
  Erica (Lair:1)
  3 anacondas
  11 naga warriors
  4 catoblepae (Lair:6)
  2 ghost crabs
  4 centaur warriors
  2 dancing weapons
  5 alligators
  7 ogre magi
  2 tengu warriors (D:14)
  20 death yaks
  Nergalle (Orc:1)
  8 shock serpents
  11 naga sharpshooters
  The ghost of Rrauwl the Quickloader, a novice HOWn of Okawaru (D:8)
  4 skeletal warriors (D:12)
  6 wizards
  5 spriggan druids
  11 swamp dragons
  3 shambling mangroves
  A wolf spider zombie (D:13)
  4 orc knights
  2 ironbrand convokers (Vaults:1)
  23 hill giants
  3 naga ritualists
  A lindwurm (Lair:6)
  10 ugly things
  4 orc sorcerers
  6 mana vipers
  4 salamanders
  2 deep elf magi
  9 cyclopes
  A wolf spider (Lair:6)
  20 slime creatures
  2 manticores
  A salamander (shapeshifter) (Vaults:1)
  2 centaur zombies
  5 toenail golems (Volcano)
  5 elephants (Lair:6)
  2 molten gargoyles (Orc:1)
  A guardian serpent (Snake:2)
  31 naga magi
  3 torpor snails (Lair:2)
  29 black mambas
  20 spiny frogs
  2 gargoyles (D:15)
  5 vault sentinels (Vaults:1)
  8 komodo dragons
  3 rime drakes
  23 yaktaurs
  A redback zombie (D:13)
  4 trolls
  2 tyrant leeches
  A tengu conjurer (D:14)
  A jumping spider (shapeshifter) (D:15)
  15 hornets
  9 bog bodies
  21 two-headed ogres
  Grinder (D:5)
  5 hippogriffs
  7 dream sheep (Lair:6)
  A fire giant simulacrum (Vaults:1)
  A human simulacrum (Vaults:1)
  25 blink frogs
  2 redbacks (Lab)
  2 vampires
  8 spriggans
  A shadow (D:15)
  7 wyverns
  A hungry ghost (D:15)
  69 yaks
  A hog (Swamp:4)
  4 wraiths
  A human (D:14)
  Grum (Lair:1)
  A fire elemental (Orc:1)
  6 basilisks
  16 vampire mosquitoes
  8 wargs
  Edmund (D:4)
  20 swamp worms
  A mottled dragon (Vaults:1)
  34 nagas
  18 insubstantial wisps
  2 soldier ants
  9 water moccasins
  Purgy (Sewer)
  Duvessa (D:7)
  23 orc warriors
  14 swamp drakes
  10 porcupines
  2 ice beasts
  5 sky beasts
  A hornet zombie (D:14)
  7 phantoms
  4 black bears
  4 boggarts (Lair:6)
  An eye of draining (D:9)
  2 necrophages
  29 ogres
  10 centaurs
  13 crocodiles
  20 wolves
  2 big kobolds
  19 bullfrogs
  Dowan (D:7)
  5 scorpions
  A vampire bat (Lair:2)
  10 killer bees
  6 wights
  4 electric eels
  The ghost of mango the Charmwright, a weakling HESk (D:3)
  A howler monkey (D:7)
  5 crimson imps
  A bullfrog zombie (D:6)
  A quasit (D:10)
  3 jellies
  6 hounds
  13 orc priests
  Crazy Yiuf (D:6)
  3 centaur skeletons
  Jessica (D:2)
  A gnoll shaman (D:8)
  5 iguanas
  A human skeleton (D:4)
  26 orc wizards
  10 worker ants
  3 hound skeletons
  A worker ant zombie (D:6)
  10 gnolls
  8 adders
  2 river rats (D:4)
  4 shadow imps
  An ooze (D:1)
  An adder skeleton (D:9)
  A dart slug (D:1)
  4 worms
  6 leopard geckos
  72 orcs
  14 bats
  5 giant cockroaches
  5 hobgoblins
  13 jackals
  3 quokkas
  7 ball pythons
  10 frilled lizards
  9 goblins
  23 kobolds
  A leopard gecko skeleton (D:5)
  A leopard gecko zombie (D:9)
  A quokka skeleton (D:8)
  8 rats
  6 briar patches
1196 creatures vanquished.

Vanquished Creatures (collateral kills)
  Vashnia (Snake:3)
  2 nagarajas (Snake:4)
  4 naga sharpshooters
  A hill giant (Orc:1)
  An orc knight (Orc:1)
  A black mamba (Snake:4)
  2 two-headed ogres (Orc:2)
  A warg (Orc:1)
  A naga (Snake:3)
  3 orc warriors
  2 ogres (Orc:2)
  An orc (Orc:2)
20 creatures vanquished.

Vanquished Creatures (others)
  A vault warden (Vaults:1)
  An alligator (Swamp:1)
  A naga sharpshooter (Snake:4)
  A spriggan druid (Swamp:4)
  2 spriggans (Swamp:4)
  6 humans (Swamp:4)
  An orc wizard (Orc:1)
  3 briar patches (Swamp:4)
  4 fungi
  11 plants
31 creatures vanquished.

Grand Total: 1247 creatures vanquished

Notes
Turn   | Place    | Note
-------+----------+-------------------------------------------
     0 | D:1      | Kloppie the Gargoyle Berserker began the quest for the Orb.
     0 | D:1      | Reached XP level 1. HP: 14/14 MP: 1/1
   165 | D:1      | Reached XP level 2. HP: 17/19 MP: 2/2
   343 | D:1      | Reached XP level 3. HP: 24/24 MP: 3/3
   468 | D:1      | Reached ** piety under Trog
   830 | D:2      | Reached skill level 4 in Maces & Flails
  1103 | D:2      | Found a faded altar of an unknown god.
  1158 | D:2      | Reached XP level 4. HP: 29/29 MP: 4/4
  1320 | D:2      | Noticed Jessica
  1325 | D:2      | Killed Jessica
  1765 | D:3      | Reached skill level 5 in Maces & Flails
  1765 | D:3      | Reached XP level 5. HP: 34/34 MP: 5/5
  1957 | D:3      | Found a shattered altar of Ashenzari.
  2184 | D:3      | Noticed mango's ghost (weakling HESk)
  2201 | D:3      | Killed mango's ghost
  2330 | D:3      | Found a hide-covered altar of Uskayaw.
  2333 | D:3      | Noticed a phantom
  2428 | D:3      | Killed a phantom
  2428 | D:3      | Reached skill level 5 in Fighting
  2428 | D:3      | Reached XP level 6. HP: 25/40 MP: 6/6
  2476 | D:3      | Reached skill level 6 in Maces & Flails
  2740 | D:4      | Noticed a human
  2742 | D:4      | Found a runed door.
  2746 | D:4      | Found a basalt altar of Yredelemnul.
  2757 | D:4      | Got a jewelled helmet
  2763 | D:4      | Identified the cursed +0 helmet of Lucidity {Int+2 Stlth+} (You found it on level 4 of the Dungeon)
  2793 | D:4      | Reached XP level 7. HP: 28/44 MP: 7/7
  2860 | D:4      | Reached *** piety under Trog
  2868 | D:4      | Found a glowing drain.
  2892 | Sewer    | Entered a sewer
  2915 | Sewer    | Noticed Purgy
  2923 | Sewer    | Killed Purgy
  2923 | Sewer    | Reached skill level 7 in Maces & Flails
  2977 | Sewer    | Noticed nivlat's ghost (amateur CeWr)
  3355 | D:4      | Reached XP level 8. HP: 33/51 MP: 8/8
  3422 | D:4      | Noticed Edmund
  3448 | D:4      | Killed Edmund
  3448 | D:4      | Reached skill level 8 in Maces & Flails
  3559 | D:4      | Found an ancient bone altar of Kikubaaqudgha.
  3705 | D:5      | Entered Level 5 of the Dungeon
  3739 | D:5      | Found a staircase to the Ecumenical Temple.
  3847 | D:5      | Noticed Grinder
  3853 | D:5      | Paralysed by Grinder for 5 turns
  3874 | D:5      | Killed Grinder
  4093 | D:5      | Reached skill level 9 in Maces & Flails
  4118 | D:5      | Found an opulent altar of Gozag.
  4403 | D:5      | Identified a scroll of acquirement
  4550 | D:6      | Reached XP level 9. HP: 45/58 MP: 9/9
  4595 | D:6      | Reached **** piety under Trog
  4630 | D:6      | Reached skill level 10 in Maces & Flails
  4675 | D:6      | Found a stormy altar of Qazlal.
  5009 | D:6      | Found a runed door.
  5108 | D:6      | Noticed Crazy Yiuf
  5113 | D:6      | Killed Crazy Yiuf
  5191 | D:7      | Found a shadowy altar of Dithmenos.
  5325 | D:7      | Noticed Duvessa
  5325 | D:7      | Noticed Dowan
  5330 | D:7      | Killed Duvessa
  5334 | D:7      | Killed Dowan
  5822 | D:7      | Reached skill level 11 in Maces & Flails
  5921 | D:8      | Found a staircase to the Lair.
  5965 | D:8      | Noticed Rrauwl's ghost (novice HOWn)
  5986 | D:8      | Killed Rrauwl's ghost
  5986 | D:8      | Reached XP level 10. HP: 49/65 MP: 10/10
  6190 | D:8      | Found a snail-covered altar of Cheibriados.
  6190 | D:8      | Found a burning altar of Makhleb.
  6354 | D:8      | Found a white marble altar of Elyvilon.
  6545 | D:8      | Received a gift from Trog
  6724 | D:9      | Found Tym Xae's Jewellery Boutique.
  6735 | D:9      | Bought a cursed -2 ring of slaying for 26 gold pieces
  6750 | D:9      | Found Maiv's Assorted Antiques.
  6757 | D:9      | Bought 3 scrolls of identify for 126 gold pieces
  6757 | D:9      | Bought a glowing filigree amulet for 105 gold pieces
  6788 | D:9      | Found a bloodstained altar of Trog.
  6841 | D:9      | Reached skill level 12 in Maces & Flails
  6896 | D:9      | Reached skill level 5 in Armour
  7173 | D:9      | Found a staircase to the Orcish Mines.
  7243 | D:9      | Reached ***** piety under Trog
  7265 | D:9      | Found a sparkling altar of Nemelex Xobeh.
  7645 | D:10     | Entered Level 10 of the Dungeon
  7856 | D:10     | Reached skill level 13 in Maces & Flails
  7882 | D:10     | Received a gift from Trog
  7891 | D:10     | Reached XP level 11. HP: 26/69 MP: 11/11
  8565 | Lair:1   | Entered Level 1 of the Lair of Beasts
  8849 | Lair:1   | Noticed Gastronok
  8873 | Lair:1   | Killed Gastronok
  8873 | Lair:1   | Reached skill level 14 in Maces & Flails
  8926 | Lair:1   | Noticed Erica
  8936 | Lair:1   | Killed Erica
  9031 | Lair:1   | Noticed a seven-headed hydra
  9040 | Lair:1   | Killed a seven-headed hydra
  9308 | Lair:1   | Noticed Grum
  9342 | Lair:1   | Killed Grum
  9613 | Lair:1   | Reached skill level 10 in Fighting
  9778 | Lair:1   | Noticed Fannar
  9814 | Lair:1   | Killed Fannar
  9814 | Lair:1   | Reached XP level 12. HP: 30/78 MP: 12/12
 10373 | Lair:2   | Found a staircase to the Snake Pit.
 10876 | Lair:2   | Found a snail-covered altar of Cheibriados.
 11436 | Snake:1  | Entered Level 1 of the Snake Pit
 12052 | Lair:4   | Found a labyrinth entrance.
 12059 | Lab      | Entered a labyrinth
 12202 | Lab      | Noticed a minotaur
 12211 | Lab      | Killed a minotaur
 12775 | Lair:4   | Reached skill level 1 in Evocations
 12781 | Lair:4   | Reached XP level 13. HP: 88/91 MP: 11/14
 13183 | Lair:4   | Found a staircase to the Swamp.
 13518 | Lair:5   | Reached skill level 5 in Evocations
 15007 | Snake:1  | Reached skill level 10 in Armour
 15264 | Snake:1  | Reached skill level 1 in Shields
 15357 | Orc:1    | Entered Level 1 of the Orcish Mines
 15360 | Orc:1    | Found Suade's Weapon Emporium.
 15658 | Orc:1    | Received a gift from Trog
 16164 | Orc:1    | Gained mutation: Your large and strong wings let you fly indefinitely. [Gargoyle growth]
 16164 | Orc:1    | Reached XP level 14. HP: 96/96 MP: 18/20
 16270 | Orc:1    | Reached skill level 5 in Shields
 16369 | Orc:1    | Found Intena's Magic Scroll Shoppe.
 16377 | Orc:1    | Bought a scroll of identify for 30 gold pieces
 16377 | Orc:1    | Bought a scroll of identify for 30 gold pieces
 16377 | Orc:1    | Bought a scroll of identify for 30 gold pieces
 16445 | Orc:1    | Found Kerphibo's Antique Armour Boutique.
 16458 | Orc:1    | Bought a shiny helmet for 367 gold pieces
 16508 | Orc:1    | Noticed Nergalle
 16515 | Orc:1    | Noticed Harold
 16528 | Orc:1    | Killed Nergalle
 16539 | Orc:1    | Killed Harold
 16714 | Orc:1    | Noticed Josephine
 16733 | Orc:1    | Killed Josephine
 17078 | Orc:1    | Received a gift from Trog
 17235 | Orc:1    | Got a jewelled long sword {slice}
 17235 | Orc:1    | Got a pitted great sword {freeze}
 17238 | Orc:1    | Identified the +6 great sword of the People {freeze, Int+5 Stlth-} (You took it off an orc warrior on level 1 of the Orcish Mines)
 17239 | Orc:1    | Identified the +5 long sword "Zoadgh" {slice, rElec} (You took it off an orc on level 1 of the Orcish Mines)
 17650 | Orc:1    | Noticed a fire giant
 17668 | Orc:1    | Killed a fire giant
 17793 | Orc:2    | Entered Level 2 of the Orcish Mines
 17793 | Orc:2    | Found a roughly hewn altar of Beogh.
 17832 | Orc:2    | Found a staircase to the Elven Halls.
 17878 | Orc:2    | Found Waecid's Book Boutique.
 17898 | Orc:2    | Found a burning altar of Makhleb.
 18171 | Orc:2    | Found Qegux Ysitt's Gadget Emporium.
 18267 | Orc:2    | Found Empatoe's Magic Scroll Shoppe.
 18273 | Orc:2    | Found Geilot's Jewellery Shop.
 18273 | Orc:2    | Found Bituqi's Weapon Emporium.
 18273 | Orc:2    | Found Seammiv's Gadget Shop.
 18307 | Orc:2    | Reached XP level 15. HP: 91/101 MP: 19/21
 18324 | Orc:2    | Bought a cursed ring of loudness for 63 gold pieces
 18324 | Orc:2    | Bought a cursed -2 ring of dexterity for 28 gold pieces
 18867 | D:11     | Reached skill level 15 in Armour
 19607 | D:11     | Found Nuesk's Antique Armour Shoppe.
 19766 | D:12     | Received a gift from Trog
 20258 | D:12     | Reached ****** piety under Trog
 20711 | Lair:6   | Entered Level 6 of the Lair of Beasts
 20978 | Lair:6   | Found a dark tunnel.
 21021 | Volcano  | Entered a volcano
 21130 | Volcano  | Received a gift from Trog
 21705 | Lair:6   | Reached XP level 16. HP: 98/107 MP: 11/22
 21888 | Lair:6   | Reached skill level 5 in Dodging
 21926 | Lair:6   | Received a gift from Trog
 22236 | Lair:6   | Found a viscous altar of Jiyva.
 22237 | Lair:6   | Found a staircase to the Slime Pits.
 22852 | Lair:6   | Reached skill level 15 in Maces & Flails
 23193 | Swamp:1  | Entered Level 1 of the Swamp
 23401 | Swamp:1  | Noticed a thorn hunter
 23430 | Swamp:1  | Killed a thorn hunter
 23430 | Swamp:1  | Reached skill level 16 in Maces & Flails
 24472 | Swamp:2  | Reached skill level 17 in Maces & Flails
 24516 | Swamp:2  | Received a gift from Trog
 25293 | Swamp:3  | Reached skill level 18 in Maces & Flails
 25480 | Swamp:3  | Reached XP level 17. HP: 90/112 MP: 17/23
 25554 | Swamp:4  | Entered Level 4 of the Swamp
 25990 | Swamp:4  | Noticed Kirke
 26015 | Swamp:3  | Reached skill level 19 in Maces & Flails
 26035 | Swamp:4  | Killed Kirke
 26396 | Swamp:4  | Received a gift from Trog
 27037 | Swamp:4  | Reached skill level 20 in Maces & Flails
 27424 | Swamp:4  | Got a decaying rune of Zot
 28189 | Orc:2    | Bought a manual of Dodging for 1766 gold pieces
 28432 | Snake:2  | Received a gift from Trog
 28750 | Snake:2  | Reached skill level 10 in Dodging
 29135 | Snake:3  | Reached XP level 18. HP: 117/117 MP: 24/24
 29256 | Snake:3  | Noticed Vashnia
 29301 | Snake:3  | Killed Vashnia
 30223 | Snake:4  | Entered Level 4 of the Snake Pit
 30623 | Snake:4  | Got a serpentine rune of Zot
 31035 | Snake:4  | Found Qamilaj's Jewellery Shop.
 31044 | Snake:4  | Bought a cursed -2 ring of protection for 34 gold pieces
 31430 | Snake:4  | Received a gift from Trog
 31564 | Snake:4  | Reached skill level 15 in Fighting
 32436 | D:13     | Got an ichor-stained scale mail
 32437 | D:13     | Identified the +4 scale mail of Youthful Indiscretion {Int+3} (You found it on level 13 of the Dungeon)
 32551 | D:13     | Found a white marble altar of Elyvilon.
 32950 | D:13     | Reached XP level 19. HP: 127/127 MP: 25/25
 33189 | D:14     | Received a gift from Trog
 33222 | D:14     | Found a gate to the Vaults.
 33772 | D:15     | Entered Level 15 of the Dungeon
 34239 | D:15     | Found a staircase to the Depths.
 34243 | D:15     | Paralysed by an orc sorcerer for 4 turns
 34264 | D:15     | Received a gift from Trog
 34553 | Vaults:1 | Entered Level 1 of the Vaults
 35837 | Vaults:1 | HP: 4/128 [yaktaur[a yaktaur captain] (9)]
 35838 | Vaults:1 | Annihilated by a yaktaur captain

Skill      XL: |  1  2  3  4  5  6  7  8  9 10 11 12 13 14 15 16 17 18 19 |
---------------+----------------------------------------------------------+-----
Maces & Flails | 4 5 6 7 9 11 13 14 18 20 | 20.1
Fighting       | 4 5 6 7 8 10 14 16 17 | 17.5
Armour         | 4 6 8 10 14 17 | 17.8
Evocations     | 1 8 |  8.0
Shields        | 4 5 |  5.0
Dodging        | 3 6 10 13 14 | 14.4

Action                   |  1- 3 |  4- 6 |  7- 9 | 10-12 | 13-15 | 16-18 | 19-21 || total
-------------------------+-------+-------+-------+-------+-------+-------+-------++-------
Melee: Mace              |    96 |   180 |   144 |       |       |       |       ||   420
       Flail             |       |       |   268 |   893 |  2156 |   748 |       ||  4065
       Great mace        |       |       |       |       |       |  1164 |   490 ||  1654
Invok: Berserk           |     2 |     4 |     3 |     8 |    10 |     4 |       ||    31
       Trog's Hand       |       |     2 |       |     2 |    12 |     4 |     1 ||    21
       Brothers in Arms  |       |       |       |       |     2 |     3 |       ||     5
Evoke: Wand              |       |       |       |       |     2 |     6 |     2 ||    10
  Use: Scroll            |       |       |    24 |     8 |    11 |    11 |       ||    54
       Potion            |       |       |       |       |     2 |     3 |       ||     5
 Stab: Petrified         |       |       |       |       |    19 |       |       ||    19
       Distracted        |       |       |       |       |       |     1 |       ||     1
  Eat: Chunk             |     3 |     8 |    12 |    29 |    43 |    20 |     9 ||   124
       Royal jelly       |       |     1 |       |     1 |     1 |     6 |       ||     9
       Meat ration       |       |       |       |       |       |     3 |       ||     3
       Beef jerky        |       |       |       |       |       |     1 |       ||     1
Armor: Ring mail         |    53 |    15 |       |       |       |       |       ||    68
       Animal skin       |     6 |       |       |       |       |       |       ||     6
       Chain mail        |       |    95 |    85 |       |       |       |       ||   180
       Scale mail        |       |       |   140 |   425 |  1146 |  1229 |   240 ||  3180
Dodge: Dodged            |    62 |    69 |   145 |   340 |   757 |  1220 |   367 ||  2960
Block: Other             |       |       |       |   120 |       |       |       ||   120
       Reflection        |       |       |       |     2 |       |       |       ||     2
       Buckler           |       |       |       |       |   495 |   204 |       ||   699
